 Dungeon Crawl Stone Soup version 0.30-a0-1053-gbd8d5ba0ad (webtiles) character file.

Game seed: 3255569584816324318

98 mandoloar the Insei (level 4, -2/29 HPs)
             Began as an Octopode Transmuter on Apr 11, 2023.
             Slain by a sleepcap (5 damage)
             ... on level 4 of the Dungeon.
             The game lasted 00:09:20 (2508 turns).

mandoloar the Insei (Octopode Transmuter)           Turns: 2508, Time: 00:09:20

Health: -2/29      AC:  5    Str:  9    XL:     4   Next: 71%
Magic:  7/7        EV: 13    Int: 17    God:
Gold:   198        SH:  0    Dex: 12    Spells: 1/8 levels left

rFire   . . .      SeeInvis .      - Unarmed
rCold   . . .      Faith    .    (no shield)
rNeg    . . .      Spirit   .    (helmet currently unavailable)
rPois   .          Reflect  .    (no amulet)
rElec   .          Rampage  .    g - ring of willpower
rCorr   .                        b - +4 ring of protection
Will    +....                    (no ring)
Stlth   ++                       (no ring)
HPRegen 0.24/turn                (no ring)
MPRegen 0.10/turn                (no ring)
                                 (no ring)
                                 (no ring)

@: appendages (expiring)
A: tentacle spike 3, almost no armour, amphibious, 8 rings, camouflage 1,
gelatinous body 1, (nimble swimmer 1), tentacles
a: End Transformation


You were on level 4 of the Dungeon.
One of your tentacles had grown a beastly spike.
You visited 1 branch of the dungeon, and saw 5 of its levels.

You collected 198 gold pieces.

Inventory:

Missiles
 f - 24 stones
 i - 3 javelins
 k - 2 poisoned darts
Jewellery
 b - a +4 ring of protection (right tentacle)
 g - a ring of willpower (left tentacle)
Scrolls
 e - a scroll of identify
Potions
 a - 2 potions of lignification
 c - 2 potions of resistance
 d - a potion of flight {unknown}
 h - 2 potions of degeneration {unknown}
 l - a potion of attraction {unknown}


   Skills:
 + Level 2.1 Fighting
 + Level 2.5 Dodging
 + Level 3.4 Unarmed Combat
 + Level 2.5 Spellcasting
 + Level 2.6 Transmutations
 + Level 1.3 Ice Magic


You had one spell level left.
You knew the following spells:

 Your Spells              Type           Power      Damage    Failure   Level
a - Beastly Appendage     Tmut           20%        N/A       6%          1
b - Wereblood             Tmut           10%        N/A       10%         2
c - Ice Form              Ice/Tmut       8%         N/A       63%         4

Your spell library contained the following spells:

 Spells                   Type           Power      Damage    Failure   Level
 Spider Form              Tmut/Pois      6%         N/A       32%         3


Dungeon Overview and Level Annotations

Branches:
Dungeon (5/15)
 Temple: D:4-7

Altars:

Shops:
D:1 =


Innate Abilities, Weirdness & Mutations

One of your tentacles has grown a beastly spike.
You cannot wear most types of armour.
You are amphibious.
You can wear up to eight rings at the same time.
Your skin changes colour to match your surroundings (Stealth+).
Your rubbery body absorbs attacks. (AC +1, EV +1)
((You are camouflaged when in or above water. (Stealth+)))
You have tentacles for arms and can constrict up to eight enemies at once.


Message History

Things that are here:
a +0 short sword; a +0 leather armour You tentacle-slap the sleepcap but do no damage.
You grab the sleepcap. You squeeze the sleepcap.
The sleepcap is lightly damaged.
You constrict the sleepcap, but do no damage.
The sleepcap releases spores at you.
You are engulfed in a cloud of soporific spores!
You fall asleep.
You lose your grip on the sleepcap.
The sleepcap releases spores at you!!
You wake up.
Ouch! That really hurt!
* * * LOW HITPOINT WARNING * * *
You tentacle-slap the sleepcap. You grab the sleepcap.
The sleepcap is moderately damaged.
You constrict the sleepcap. The sleepcap barely misses you.
You tentacle-slap the sleepcap but do no damage.
The sleepcap is moderately damaged.
You constrict the sleepcap, but do no damage.
The sleepcap closely misses you.
You tentacle-slap the sleepcap but do no damage.
The sleepcap is moderately damaged.
You constrict the sleepcap, but do no damage.
The sleepcap releases spores at you but does no damage.
You tentacle-slap the sleepcap but do no damage.
You pierce the sleepcap, but do no damage.
You squeeze the sleepcap.
The sleepcap is moderately damaged.
You constrict the sleepcap. The sleepcap barely misses you.
You tentacle-slap the sleepcap but do no damage.
The sleepcap is heavily damaged.
You constrict the sleepcap. The sleepcap releases spores at you.
* * * LOW HITPOINT WARNING * * *
You tentacle-slap the sleepcap.
You pierce the sleepcap.
You tentacle-slap the sleepcap. You squeeze the sleepcap.
The sleepcap is almost destroyed.
Your transformation is almost over.
You constrict the sleepcap, but do no damage.
The sleepcap releases spores at you.
You die...

.....[...........#
..............#########
#............###...... .
#.......#.........>...
..#.......##............
..........#...##...>....
....[........###........
........)...## ##...^...
......f@.#.## ##......
.......##### #...#..
....### ##.#### ... ###
..


You could see a sleepcap.

Vanquished Creatures
  Jessica (D:2)
  An adder (D:3)
  A worm (D:2)
  A dart slug (D:1)
  2 orcs
  5 bats
  3 endoplasms
  3 giant cockroaches
  8 goblins
  7 hobgoblins
  2 jackals (D:1)
  7 kobolds (D:1)
  2 quokkas (D:1)
  2 ball pythons
  2 frilled lizards (D:2)
  7 rats
54 creatures vanquished.

Notes
Turn   | Place    | Note
-------+----------+-------------------------------------------
     0 | D:1      | mandoloar the Octopode Transmuter began the quest for the
                  | Orb.
     0 | D:1      | Reached XP level 1. HP: 13/13 MP: 3/3
   158 | D:1      | Reached XP level 2. HP: 10/18 MP: 3/5
   426 | D:1      | Learned a level 2 spell: Wereblood
   470 | D:1      | Found Acioq's Jewellery Shoppe.
   564 | D:1      | Reached XP level 3. HP: 23/23 MP: 2/6
  1030 | D:1      | Reached skill level 1 in Ice Magic
  1402 | D:2      | Found a faded altar of an unknown god.
  1631 | D:2      | Noticed Jessica
  1863 | D:2      | Killed Jessica
  1864 | D:2      | Reached XP level 4. HP: 29/29 MP: 5/7
  2174 | D:2      | Learned a level 4 spell: Ice Form
  2412 | D:3      | You fall into a shaft and drop 2 floors!
  2412 | D:5      | Entered Level 5 of the Dungeon
  2482 | D:4      | Noticed an ogre
  2508 | D:4      | Slain by a sleepcap

Illustrated notes

Levels and vault maps discovered:
D:1:      eino_arrival_druids_welcome, layout_loops_ring, serial_shops, shop,
          st_stairs_7
D:2:      layout_rooms, shapermc_ecumenical_altar_venn, uniq_jessica
D:3:      layout_basic, st_stairs_12, uniq_grinder
D:4:      layout_cave_pools, old_standard_altar, minmay_temple_entry_wispy,
          dk_noncrumbling_2, uniq_duvessa
D:5:      layout_cave_pools, serial_column_ruins, column_ruins_temple_hall,
          column_ruins_hut, column_ruins_corridor_water,
          column_ruins_columns_straight, column_ruins_grid_3,
          column_ruins_corridor_corner, serial_shops, kennysheep_mini_moat,
          nicolae_shop_advertising_works [nicolae_subvault_shop_adworks],
          uniq_edmund, uniq_ijyb

Skill      XL: |  1  2  3  4 |
---------------+-------------+-----
Ice Magic      | 1 |  1.3
Fighting       | 2 |  2.1
Dodging        | |  2.5
Unarmed Combat | |  3.4
Spellcasting   | |  2.5
Transmutations | |  2.6

Action                     |  1- 3 |  4- 6 || total
---------------------------+-------+-------++-------
  Melee: Unarmed           |    76 |    26 ||   102
         Kick              |    18 |     7 ||    25
         Constrict         |    20 |     8 ||    28
         Tentacles         |    16 |     7 ||    23
         Punch             |       |     1 ||     1
  Throw: Stone             |     8 |     2 ||    10
         Dart              |    12 |     6 ||    18
   Cast: Beastly Appendage |    30 |    12 ||    42
         Wereblood         |     2 |       ||     2
    Use: Scroll            |     6 |     1 ||     7
   Stab: Sleeping          |     1 |     2 ||     3
 Armour: Skin              |     8 |     3 ||    11
  Dodge: Dodged            |    44 |    10 ||    54

Table legend: (Time is in decaauts)
 A = Elapsed time spent in this place.
 B = Non-inter-level travel time spent in this place.
 C = Inter-level travel time spent in this place.
 D = Time resting spent in this place.
 E = Time spent auto-exploring this place.
 F = Levels seen in this place.
 G = Mean time per level.
                   A        B        C        D        E       F      G
               +--------+--------+--------+--------+--------+-----+--------+
         Total |   2506 |   2379 |    127 |    678 |   1225 |   5 |  501.2 |
       Dungeon |   2506 |   2379 |    127 |    678 |   1225 |   5 |  501.2 |
               +--------+--------+--------+--------+--------+-----+--------+

Top non-repeatable levels by time:
     D:1: 1572 daAuts
     D:2: 640 daAuts
     D:3: 197 daAuts
     D:5: 58 daAuts
     D:4: 36 daAuts
